 Dungeon Crawl Stone Soup version 0.31-a0-261-g072fdb8a1f (webtiles) character file.

Game seed: 1776463842369126528

49669 gruber the Spear-Bearer (level 14, -1/110 HPs)
             Began as a Demonspawn Shapeshifter on July 13, 2023.
             Was a Priest of Uskayaw.
             Slain by a sea snake (13 damage)
             ... on level 5 of the Lair of Beasts.
             The game lasted 00:20:56 (15105 turns).

gruber the Spear-Bearer (Demonspawn Shapeshifter)  Turns: 15105, Time: 00:20:58

Health: -1/110     AC:  9    Str: 21    XL:     14   Next: 16%
Magic:  0/22       EV: 19    Int: 10    God:    Uskayaw [***...]
Gold:   1054       SH:  4    Dex: 13    Spells: 13/13 levels left

rFire   + . .        u - +8 trident of the Octopus King {venom, rElec rPois}
rCold   . . .        (no shield)
rNeg    . . .        Z - +1 ring mail "Syta" {rPois Regen+}
rPois   +            O - melded +0 hat of Untold Secrets {rF++ Str+4}
rElec   +            (cloak currently unavailable)
rCorr   .            (gloves currently unavailable)
SInv    .            (boots currently unavailable)
Will    +....        y - amulet of guardian spirit
Stlth   +            p - ring of protection from fire
HPRegen 1.18/turn    g - +5 ring of evasion
MPRegen 0.18/turn

%: guardian spirit
@: beast-form
A: beast (slay +6), thin metallic scales 1, foul stench 2, condensation shield,
weakness stinger 2
a: Begin Untransformation, Renounce Religion, Stomp, Line Pass


You were on level 5 of the Lair of Beasts.
You worshipped Uskayaw.
Uskayaw was aware of your devotion.
You were a hulking beast.
You visited 2 branches of the dungeon, and saw 17 of its levels.

You collected 1054 gold pieces.

Inventory:

Hand Weapons
 u - the +8 trident of the Octopus King (weapon) {venom, rElec rPois}
   (You found it on level 3 of the Dungeon)

   rElec:     It insulates you from electricity.
   rPois:     It protects you from poison.
 W - the +12 glaive of Prune {freeze, Prune}
   (You found it on level 12 of the Dungeon)

   Prune:     It halves damage taken while paralysed, petrified or unconscious.
Missiles
 a - 4 throwing nets
 l - 28 poisoned darts (quivered)
Armour
 O - the +0 hat of Untold Secrets (melded) {rF++ Str+4}
   (You found it on level 9 of the Dungeon)

   Str:       It affects your strength (+4).
   rF:        It greatly protects you from fire.
 T - the +5 ring mail "Qosano" {rPois Will+ MP+9 Str+3}
   (You found it on level 12 of the Dungeon)

   Str:       It affects your strength (+3).
   rPois:     It protects you from poison.
   MP:        It affects your magic capacity (+9).
   Will:      It increases your willpower.
 Z - the +1 ring mail "Syta" (worn) {rPois Regen+}
   (You found it on level 2 of the Lair of Beasts)

   rPois:     It protects you from poison.
   Regen:     It increases your rate of health regeneration.
Jewellery
 f - a ring of see invisible
 g - a +5 ring of evasion (right hand)
 p - a ring of protection from fire (left hand)
 r - a ring of poison resistance
 y - an amulet of guardian spirit (around neck)
 H - a ring of ice
 J - a ring of protection from fire
Talismans
 c - a beast talisman
 A - a dragon-blood talisman
 C - a blade talisman
Wands
 j - a wand of digging (7)
 B - a wand of polymorph (5)
 L - a wand of roots (12)
 Q - a wand of paralysis (5)
 U - a wand of quicksilver (10)
Scrolls
 e - 10 scrolls of teleportation
 k - 5 scrolls of immolation {unknown}
 m - a scroll of summoning {unknown}
 o - 6 scrolls of identify
 q - 4 scrolls of enchant weapon {unknown}
 s - 6 scrolls of fear
 t - 2 scrolls of blinking {unknown}
 x - 2 scrolls of torment {unknown}
 F - 4 scrolls of amnesia {unknown}
 I - 2 scrolls of fog {unknown}
 K - a scroll of vulnerability {unknown}
 M - 4 scrolls of enchant armour {unknown}
 R - 2 scrolls of revelation {unknown}
 X - 2 scrolls of noise {unknown}
Potions
 b - 2 potions of lignification
 d - 2 potions of brilliance
 h - 2 potions of enlightenment
 i - 2 potions of ambrosia
 n - 2 potions of haste
 v - a potion of resistance
 w - a potion of heal wounds
 z - 2 potions of mutation
 D - 3 potions of attraction
 E - 2 potions of berserk rage
 G - 3 potions of might
 N - 2 potions of curing {unknown}
 P - 2 potions of magic
 Y - 3 potions of cancellation


   Skills:
 - Level 10.0 Fighting
 - Level 12.2 Polearms
 - Level 7.1 Armour
 - Level 9.0 Dodging
 - Level 4.2 Unarmed Combat
 * Level 11.2 Invocations
 - Level 9.2 Shapeshifting


You had 13 spell levels left.
You didn't know any spells.
Your spell library contained the following spells:

 Spells                   Type           Power      Damage    Failure   Level
 Foxfire                  Conj/Fire      0%         2x1d4     50%         1
 Cigotuvi's Dreadful Rot  Necr/Pois/Air  0%         N/A       65%         2
 Lesser Beckoning         Tloc           0%         N/A       65%         2
 Gell's Gravitas          Tloc           0%         N/A       86%         3
 Ignite Poison            Fire/Tmut/Pois 0%         N/A       86%         3
 Teleport Other           Tloc           0%         N/A       86%         3
 Dispel Undead            Necr           0%         3d6       99%         4
 Freezing Cloud           Conj/Ice/Air   0%         6-21      100%        5
 Death Channel            Necr           0%         N/A       100%        6
 Plasma Beam              Fire/Air       0%         2x1d10    100%        6
 Starburst                Conj/Fire      0%         6d3       100%        6


Dungeon Overview and Level Annotations

Branches:
Dungeon (12/15)            Temple (0/1) D:6            Lair (5/5) D:10
  Swamp (0/4) Lair:2        Snake (0/4) Lair:2          Orc (0/2) D:11
  Slime: Lair:4-5

Altars:
Cheibriados
Dithmenos
Fedhas
Gozag
Kikubaaqudgha
Makhleb
Qazlal
Ru
Uskayaw
Xom

Shops:
D:5 !   D:9 [*   D:12 :

Annotations:
D:11 2 transporters, t4s4d4r's ghost, journeyman VSFi
D:12 2 runed translucent doors, initializr's ghost, journeyman SpEn
Lair:5 exclusion: oklob plant


Innate Abilities, Weirdness & Mutations

You are a hulking beast.
Your limbs bulge with bestial killing power. (Slay +6)
You are partially covered in thin metallic scales. (AC +2)
You sometimes emit foul miasma when damaged in melee.
A meltable shield of frost defends you. (SH +4)
You have a tail ending in a sharp stinger.


Message History

The sea snake is heavily wounded.
The sea snake bites you!
* * * LOW HITPOINT WARNING * * *
The komodo dragon bites you but does no damage.
The snapping turtle bites the plant!!
Something stings the plant!
Reach: u) +8 trident of the Octopus King {venom, rElec rPois}
Press: ? - help, Dir - move target, f/p - sea snake
Aim: a sea snake (heavily wounded, extremely poisoned, about 33% to evade the +8 trident of the Octopus King)
You hit the sea snake.
The sea snake is heavily wounded.
The sea snake barely misses you.
Unknown command.
Unknown command.
Aiming: Fastroot
Press: ? - help, Shift-Dir - straight line, f/p - sea snake
Aim: a sea snake (heavily wounded, extremely poisoned)
The roots erupt in riotous growth!
Roots grab the sea snake.
Roots grab the plant.
Roots grab the komodo dragon.
The grasping roots constrict the sea snake!
The grasping roots constrict the komodo dragon.
The grasping roots constrict the plant!
You hear a screech!
Something stings the plant.
The komodo dragon bites you!!
* * * LOW HITPOINT WARNING * * *
The sea snake completely misses you.
The snapping turtle bites the plant.
Something stings the plant!
Uskayaw will force your foes to helplessly watch your dance.
Uskayaw prepares the audience for your solo!
Unknown command.
Unknown command.
Unknown command.
The grasping roots constrict the sea snake!
The grasping roots constrict the komodo dragon.
The grasping roots constrict the plant!
The sea snake is no longer paralysed.
The roots release their grip on the sea snake.
The roots release their grip on the komodo dragon.
The roots release their grip on the plant.
Something stings the plant!!
The sea snake attacks as you move away! The sea snake bites you!
You die...

....~.~~~~#~# ~
.....##~#.~~#⌠~
...#.P#~####.########
.....~~†~~~~.~P~~~~~
P...~~~~Yt~~~~~~~~~~ ~
......~#~P##~~##P~~ ~~
.....~##~~##~~##~~##P~#
.....~~~.lS.~.~~.~.~~~.
...........h...........
..............†........
..............<†.......
..................##...
.#..##P.......##### .
##. ####..#.P# #
####.## ###


You could see an elephant (paralysed), a sea snake (extremely poisoned) and a
komodo dragon (paralysed).

Vanquished Creatures
  Gastronok (Lair:4)
  Harold (D:11)
  3 hydras
  Fannar (Lair:1)
  2 catoblepae (Lair:3)
  3 two-headed ogres
  A boulder beetle (D:11)
  5 death yaks
  Nergalle (D:11)
  2 sea snakes (Lair:5)
  A lindwurm (Lair:3)
  4 ugly things (D:12)
  6 deep elf zephyrmancers (D:12)
  2 deep elf pyromancers (D:12)
  2 manticores (D:12)
  3 cyclopes
  4 black mambas
  15 cane toads
  7 elephants
  2 kobold demonologists (D:10)
  2 unseen horrors
  6 rime drakes
  13 komodo dragons
  6 polar bears
  6 trolls
  Prince Ribbit (D:7)
  14 blink frogs
  2 dream sheep (Lair:3)
  3 wyverns
  A vampire (D:11)
  3 wraiths
  26 yaks
  4 basilisks
  A steam dragon (D:10)
  Menkaure (D:7)
  4 nagas (Lair:2)
  Duvessa (D:5)
  9 water moccasins
  A sky beast (D:8)
  6 black bears
  An orc warrior (D:11)
  10 wolves
  A centaur (D:9)
  2 phantoms (D:5)
  3 kobold brigands
  A scorpion (D:6)
  9 bullfrogs
  Dowan (D:5)
  A ballistomycete (Lair:3)
  9 killer bees (D:9)
  3 electric eels
  4 howler monkeys (D:10)
  7 hounds
  A jelly (D:4)
  3 orc priests
  2 sleepcaps
  A hell rat (Lair:3)
  4 iguanas
  2 orc wizards
  Natasha (D:2)
  9 adders
  7 gnolls
  2 worms (D:3)
  2 dart slugs (D:5)
  28 orcs
  2 bats (D:1)
  3 endoplasms
  4 giant cockroaches
  5 goblins
  9 hobgoblins
  A jackal (D:4)
  4 quokkas
  5 ball pythons
  3 frilled lizards
  14 kobolds
  6 rats
  A ballistomycete spore (Lair:3)
347 creatures vanquished.

Vanquished Creatures (others)
  2 ballistomycete spores (Lair:3)
2 creatures vanquished.

Grand Total: 349 creatures vanquished

Notes
Turn   | Place    | Note
-------+----------+-------------------------------------------
     0 | D:1      | gruber the Demonspawn Shapeshifter began the quest for the
                  | Orb.
     0 | D:1      | Reached XP level 1. HP: 16/16 MP: 1/1
   154 | D:1      | Gained mutation: You have a small tail. [demonic ancestry]
   154 | D:1      | Reached XP level 2. HP: 14/22 MP: 2/2
  1271 | D:2      | Gained mutation: A meltable shield of frost defends you.
                  | (SH +4) [demonic ancestry]
  1271 | D:2      | Reached XP level 3. HP: 24/27 MP: 3/3
  1410 | D:2      | Noticed Natasha
  1424 | D:2      | Killed Natasha
  1458 | D:2      | Gained mutation: You have a tail ending in a sharp stinger.
                  | [demonic ancestry]
  1458 | D:2      | Reached XP level 4. HP: 32/33 MP: 4/4
  1873 | D:3      | Found the +8 trident of the Octopus King {venom, rElec
                  | rPois}
  2004 | D:3      | Reached skill level 1 in Polearms
  2393 | D:4      | Found a shimmering altar of Xom.
  2434 | D:4      | Reached skill level 2 in Polearms
  2434 | D:4      | Reached XP level 5. HP: 38/38 MP: 5/5
  2448 | D:4      | You fall into a shaft and drop 1 floor!
  2448 | D:5      | Entered Level 5 of the Dungeon
  2470 | D:5      | Noticed a phantom
  2477 | D:5      | Killed a phantom
  2478 | D:5      | Reached skill level 3 in Polearms
  2499 | D:5      | Found Libloitu's Distillery.
  2704 | D:5      | Reached XP level 6. HP: 39/44 MP: 4/6
  2757 | D:5      | Found a burning altar of Makhleb.
  2763 | D:5      | Reached skill level 4 in Polearms
  2837 | D:4      | Reached skill level 5 in Polearms
  2840 | D:4      | Reached XP level 7. HP: 37/50 MP: 5/7
  3098 | D:4      | Found a blossoming altar of Fedhas.
  3232 | D:4      | Reached skill level 6 in Polearms
  3601 | D:5      | Noticed Dowan
  3604 | D:5      | Noticed Duvessa
  3615 | D:5      | Killed Duvessa
  3620 | D:5      | Killed Dowan
  3804 | D:5      | Gained mutation: You may rarely emit foul miasma when
                  | damaged in melee. [demonic ancestry]
  3804 | D:5      | Reached XP level 8. HP: 56/56 MP: 8/8
  4304 | D:5      | Found a hide-covered altar of Uskayaw.
  4307 | D:5      | Found a stormy altar of Qazlal.
  4314 | D:5      | Became a worshipper of Uskayaw the Reveller
  4411 | D:6      | Found an ancient bone altar of Kikubaaqudgha.
  4439 | D:6      | Reached * piety under Uskayaw
  4440 | D:6      | Reached skill level 5 in Dodging
  4458 | D:6      | Reached ** piety under Uskayaw
  4462 | D:6      | Reached *** piety under Uskayaw
  4576 | D:6      | Found a staircase to the Ecumenical Temple.
  4617 | D:6      | Found an opulent altar of Gozag.
  4907 | D:7      | Found a sacrificial altar of Ru.
  5049 | D:7      | Noticed Prince Ribbit
  5055 | D:7      | Killed Prince Ribbit
  5201 | D:7      | Noticed Menkaure
  5204 | D:7      | Killed Menkaure
  5614 | D:8      | Reached skill level 5 in Fighting
  5726 | D:8      | Reached XP level 9. HP: 69/69 MP: 9/9
  6347 | D:9      | Reached skill level 1 in Invocations
  6463 | D:9      | Found Ristyuss's Overcharged Wands.
  6464 | D:9      | Identified the +0 hat of Untold Secrets {rF++ Str+4}
  6497 | D:9      | Found Cheibriados's Comfort Zone.
  6497 | D:9      | Found a snail-covered altar of Cheibriados.
  6580 | D:9      | Identified the +10 dagger of Greed {heavy, rC+ MP+9 Dex+4}
  6602 | D:9      | Found a shadowy altar of Dithmenos.
  6611 | D:9      | Reached **** piety under Uskayaw
  6612 | D:9      | Reached skill level 5 in Invocations
  6984 | D:10     | Entered Level 10 of the Dungeon
  7041 | D:10     | Reached skill level 5 in Shapeshifting
  7151 | D:10     | Noticed a kobold demonologist
  7151 | D:10     | Noticed a kobold demonologist
  7159 | D:10     | Killed a kobold demonologist
  7160 | D:10     | Gained mutation: You sometimes emit foul miasma when
                  | damaged in melee. [demonic ancestry]
  7160 | D:10     | Reached XP level 10. HP: 74/76 MP: 13/13
  7170 | D:10     | Reached ***** piety under Uskayaw
  7439 | D:10     | Found a staircase to the Lair.
  7765 | D:11     | Noticed a boulder beetle
  7780 | D:11     | Killed a boulder beetle
  8033 | D:11     | Noticed an ogre mage
  8034 | D:11     | Found a transporter.
  8034 | D:11     | Noticed t4s4d4r's ghost (journeyman VSFi)
  8035 | D:11     | Found a transporter.
  8053 | D:11     | Noticed a cyclops
  8057 | D:11     | Killed a cyclops
  8127 | D:11     | Noticed Harold
  8141 | D:11     | Noticed a two-headed ogre
  8156 | D:11     | Killed Harold
  8159 | D:11     | Killed a two-headed ogre
  8160 | D:11     | Reached XP level 11. HP: 28/81 MP: 4/14
  8345 | D:11     | Noticed a two-headed ogre
  8349 | D:11     | Killed a two-headed ogre
  8495 | D:11     | Noticed Nergalle
  8508 | D:11     | Killed Nergalle
  8605 | D:11     | Found a staircase to the Orcish Mines.
  8803 | D:12     | Noticed a deep elf pyromancer
  8847 | D:12     | Killed a deep elf pyromancer
  8854 | D:12     | Identified the +5 ring mail "Qosano" {rPois Will+ MP+9
                  | Str+3}
  8984 | D:12     | Found a runed translucent door.
  8985 | D:12     | Noticed a necromancer
  8985 | D:12     | Noticed a phantasmal warrior
  8985 | D:12     | Noticed a skeletal warrior
  8986 | D:12     | Noticed a fire giant
  8991 | D:12     | Noticed initializr's ghost (journeyman SpEn)
  8992 | D:12     | Noticed a lich
  8995 | D:12     | Found a runed translucent door.
  9032 | D:12     | Reached skill level 1 in Armour
  9048 | D:12     | Noticed a cyan ugly thing
  9054 | D:12     | Killed a cyan ugly thing
  9094 | D:12     | Found Syxiu's Book Emporium.
  9148 | D:12     | Noticed a two-headed ogre
  9154 | D:12     | Killed a two-headed ogre
  9157 | D:12     | Noticed a red ugly thing
  9189 | D:12     | Noticed a white ugly thing
  9208 | D:12     | Killed a brown ugly thing
  9216 | D:12     | Killed a white ugly thing
  9283 | D:12     | Reached skill level 5 in Armour
  9328 | D:12     | Noticed a deep elf pyromancer
  9328 | D:12     | Noticed a deep elf zephyrmancer
  9328 | D:12     | Noticed a deep elf zephyrmancer
  9328 | D:12     | Noticed a deep elf zephyrmancer
  9328 | D:12     | Noticed a deep elf zephyrmancer
  9343 | D:12     | Noticed a green ugly thing
  9356 | D:12     | Killed a green ugly thing
  9356 | D:12     | Killed a deep elf zephyrmancer
  9356 | D:12     | Killed a deep elf zephyrmancer
  9357 | D:12     | Killed a deep elf zephyrmancer
  9361 | D:12     | Killed a deep elf pyromancer
  9362 | D:12     | Reached XP level 12. HP: 77/95 MP: 8/15
  9659 | D:12     | Found the +12 glaive of Prune {freeze, Prune}
  9735 | D:12     | Reached skill level 10 in Fighting
  9968 | Lair:1   | Entered Level 1 of the Lair of Beasts
  9975 | Lair:1   | Noticed Fannar
  9981 | Lair:1   | Killed Fannar
 10147 | Lair:1   | Reached skill level 7 in Polearms
 10354 | Lair:1   | Reached skill level 8 in Polearms
 11312 | Lair:2   | Reached skill level 9 in Polearms
 11353 | Lair:2   | Identified the +1 ring mail "Syta" {rPois Regen+}
 11512 | Lair:2   | Found a staircase to the Snake Pit.
 11668 | Lair:2   | Found a staircase to the Swamp.
 11719 | Lair:2   | Reached skill level 10 in Polearms
 12192 | Lair:3   | Noticed a catoblepas
 12199 | Lair:3   | Killed a catoblepas
 12268 | Lair:3   | Reached XP level 13. HP: 103/103 MP: 16/16
 12403 | Lair:3   | Reached skill level 11 in Polearms
 12432 | Lair:3   | Reached ****** piety under Uskayaw
 12442 | Lair:3   | HP: 1/103 [black mamba (12)]
 12624 | Lair:3   | Reached skill level 12 in Polearms
 13301 | Lair:3   | Noticed Gastronok
 14445 | Lair:4   | Gained mutation: You are partially covered in thin metallic
                  | scales. (AC +2) [demonic ancestry]
 14445 | Lair:4   | Reached XP level 14. HP: 91/110 MP: 14/21
 14733 | Lair:4   | Killed Gastronok
 14734 | Lair:4   | Reached skill level 10 in Invocations
 14963 | Lair:5   | Entered Level 5 of the Lair of Beasts
 15105 | Lair:5   | Slain by a sea snake

Illustrated notes

Levels and vault maps discovered:
D:1:      tarquinn_simple_flora_water_b, layout_loops_ring, serial_rivers,
          chequers_serial_rivers_small_3, chequers_serial_rivers_micro_a,
          chequers_serial_rivers_micro_d, chequers_serial_rivers_micro_c,
          chequers_serial_rivers_small_a, chequers_serial_rivers_marsh,
          dk_noncrumbling_2, minmay_pentomino_v4
D:2:      layout_rooms, uniq_natasha
D:3:      layout_basic
D:4:      layout_basic, good_gods_mini_temple, old_standard_altar,
          mainiacjoe_overflow_cross_hatched, kennysheep_generic_room_14
D:5:      layout_basic, makhleb_heckhound_becter, minitemple, serial_shops,
          shop, uniq_duvessa
D:6:      layout_cave_pools, lemuel_tele_altar, lemuel_round_altar,
          minmay_temple_entry_overgrown, feat_on_display
D:7:      layout_gridville, mainiacjoe_overflow_24_doors, uniq_prince_ribbit1,
          uniq_menkaure
D:8:      layout_basic
D:9:      layout_cross, grunt_dithmenos_smoke, kennysheep_cluttered_room,
          grunt_decor_arrowhead, palyth_stone_intersect, minmay_shop_chei,
          nicolae_shop_overcharged_wands
D:10:     layout_roguey, dpeg_oklobed_lair, uniq_erolcha
D:11:     layout_roguey, orc_0_dummy, gammafunk_ghost_arena, uniq_harold,
          uniq_nergalle
D:12:     layout_long_grid, muffindrake_ghost_dual_entry, serial_shops,
          nicolae_shop_waterfront, minmay_guarded_unrand_prune
Lair:1:   layout_layer_cave, uniq_fannar
Lair:2:   layout_regular_city, swamp_mist_pool,
          minmay_snake_entry_guardpost_large
Lair:3:   nzn_winding_woodlands_large [nzn_winding_woodlands_5x5_default,
          nzn_winding_woodlands_5x15_longhouse,
          nzn_winding_woodlands_5x5_perimeter,
          nzn_winding_woodlands_center_garden,
          nzn_winding_woodlands_15x15_thick_spiral,
          nzn_winding_woodlands_center_diamonds,
          nzn_winding_woodlands_5x5_cross, nzn_winding_woodlands_5x15_sawtooth,
          nzn_winding_woodlands_5x5_checkerboard], layout_loops_ring,
          uniq_gastronok
Lair:4:   layout_cave_pods, beast_lair_carwin_2, serial_bayou_shore_b,
          serial_bayou_shore_b
Lair:5:   gammafunk_lair_ancient_temple, layout_gridlike,
          minmay_slime_entry_oklob_open, lemuel_old_faithful

Skill      XL: |  1  2  3  4  5  6  7  8  9 10 11 12 13 14 |
---------------+-------------------------------------------+-----
Unarmed Combat | 2 3 4 |  4.2
Polearms       | 2 3 5 6 10 12 | 12.2
Dodging        | 4 6 9 |  9.0
Fighting       | 5 6 9 10 | 10.0
Invocations    | 5 9 11 | 11.2
Shapeshifting  | 5 9 |  9.2
Armour         | 6 7 |  7.1

Action                     |  1- 3 |  4- 6 |  7- 9 | 10-12 | 13-15 || total
---------------------------+-------+-------+-------+-------+-------++-------
  Melee: Unarmed           |   117 |    18 |       |       |       ||   135
         Punch             |     2 |     5 |     6 |    13 |    11 ||    37
         Tailslap          |    11 |     9 |    27 |    63 |    57 ||   167
         Trident           |       |    67 |   189 |   349 |   343 ||   948
  Throw: Dart              |     4 |       |       |     6 |     2 ||    12
 Invoke: Stomp             |       |       |       |     1 |     2 ||     3
  Evoke: Wand              |       |       |       |     3 |     6 ||     9
    Use: Scroll            |       |       |       |       |    14 ||    14
         Potion            |       |       |       |       |     3 ||     3
   Stab: Sleeping          |     1 |     3 |     4 |     1 |       ||     9
         Paralysed         |       |       |     5 |    29 |    30 ||    64
         Petrified         |       |       |       |       |     3 ||     3
 Armour: Animal skin       |    38 |     1 |    10 |     7 |       ||    56
         Troll leather arm |       |       |       |    16 |       ||    16
         Ring mail         |       |       |       |     5 |    21 ||    26
  Dodge: Dodged            |    88 |    32 |   106 |   157 |   150 ||   533
  Block: Other             |     3 |    15 |    23 |    41 |    31 ||   113
         Form:             |       |       |     1 |       |       ||     1
         Beast             |       |       |     1 |       |       ||     1

Table legend: (Time is in decaauts)
 A = Elapsed time spent in this place.
 B = Non-inter-level travel time spent in this place.
 C = Inter-level travel time spent in this place.
 D = Time resting spent in this place.
 E = Time spent auto-exploring this place.
 F = Levels seen in this place.
 G = Mean time per level.
                   A        B        C        D        E       F      G
               +--------+--------+--------+--------+--------+-----+--------+
         Total |  15017 |  14436 |    581 |    124 |  12084 |  17 |  883.4 |
       Dungeon |   9991 |   9519 |    472 |     40 |   8059 |  12 |  832.6 |
          Lair |   5026 |   4917 |    109 |     84 |   4025 |   5 | 1005.2 |
               +--------+--------+--------+--------+--------+-----+--------+

Top non-repeatable levels by time:
  Lair:3: 1545 daAuts
  Lair:1: 1256 daAuts
  Lair:4: 1197 daAuts
     D:5: 1179 daAuts
     D:1: 1147 daAuts
    D:11: 1130 daAuts
    D:12: 1072 daAuts
  Lair:2: 881 daAuts
     D:4: 822 daAuts
    D:10: 793 daAuts
     D:7: 772 daAuts
     D:8: 730 daAuts
     D:9: 653 daAuts
     D:2: 631 daAuts
     D:3: 619 daAuts
